 Dungeon Crawl Stone Soup version 0.31-a0-965-g8a8ce12e04 (webtiles) character file.

Game seed: 14294143008819039137

613 Pixllover the Ruffian (level 7, -1/53 HPs)
             Began as a Gnoll Shapeshifter on Oct 26, 2023.
             Was an Initiate of Yredelemnul.
             Slain by a steam dragon (5 damage)
             ... on level 6 of the Dungeon.
             The game lasted 00:07:51 (3668 turns).

Pixllover the Ruffian (Gnoll Shapeshifter)          Turns: 3668, Time: 00:07:51

Health: -1/53      AC:  5    Str: 15    XL:     7   Next: 44%
Magic:  10/10      EV: 13    Int:  9    God:    Yredelemnul [......]
Gold:   215        SH:  0    Dex: 12    Spells: 11/11 levels left

rFire   . .          .
                       - Unarmed
rCold   + . .        (no shield)
rNeg    . . .        o - +3 robe of the King of the Hill {Slay+3}
rPois   .            (helmet currently unavailable)
rElec   .            (cloak currently unavailable)
rCorr   .            (gloves currently unavailable)
SInv    .            (boots currently unavailable)
Will    .....        k - amulet of regeneration
Stlth   ++           i - ring of protection from cold
HPRegen 1.08/turn    q - ring of flight
MPRegen 0.12/turn

%: no passive effects
@: beast-form, flying
A: beast (slay +3), fangs 1, strong nose, distributed training
a: Begin Untransformation, Renounce Religion, Recall Undead Harvest


You were on level 6 of the Dungeon.
You worshipped Yredelemnul.
Yredelemnul was noncommittal.
You were a hulking beast.
You visited 2 branches of the dungeon, and saw 7 of its levels.

You collected 215 gold pieces.

Inventory:

Missiles
 a - 7 poisoned darts
Armour
 o - the +3 robe of the King of the Hill (worn) {Slay+3}
   (You found it on level 3 of the Dungeon)

   Slay+3:    It affects your accuracy & damage with ranged weapons and melee
   (+3).
 p - a +0 pair of gloves
Jewellery
 i - a ring of protection from cold (left hand)
 k - an amulet of regeneration (around neck)
 q - a ring of flight (right hand)
Talismans
 c - a beast talisman (active)
 d - a flux talisman
Wands
 v - a wand of quicksilver (5)
Scrolls
 e - 2 scrolls of vulnerability
 f - 3 scrolls of teleportation
 m - a scroll of summoning {unknown}
 u - a scroll of immolation {unknown}
 w - 2 scrolls of enchant armour {unknown}
Potions
 b - 4 potions of lignification
 h - 2 potions of curing
 l - 3 potions of might
 n - 2 potions of magic {unknown}
 r - a potion of berserk rage {unknown}
 s - a potion of resistance {unknown}
 t - a potion of haste {unknown}


   Skills:
 + Level 3.6 Fighting
 + Level 2.5 Short Blades
 + Level 2.5 Long Blades
 + Level 2.5 Axes
 + Level 2.5 Maces & Flails
 + Level 2.5 Polearms
 + Level 2.5 Staves
 + Level 2.5 Ranged Weapons
 + Level 2.5 Throwing
 + Level 2.5 Armour
 + Level 5.2 Dodging
 + Level 2.5 Stealth
 + Level 2.5 Shields
 + Level 7.0 Unarmed Combat
 + Level 2.5 Spellcasting
 + Level 2.0 Conjurations
 + Level 2.0 Hexes
 + Level 2.0 Summonings
 + Level 2.0 Necromancy
 + Level 2.0 Translocations
 + Level 2.0 Transmutations
 + Level 2.0 Fire Magic
 + Level 2.0 Ice Magic
 + Level 2.0 Air Magic
 + Level 2.0 Earth Magic
 + Level 2.0 Poison Magic
 + Level 2.8 Invocations
 + Level 2.5 Evocations
 + Level 6.9 Shapeshifting


You had 11 spell levels left.
You didn't know any spells.
Your spell library contained the following spells:

 Spells                   Type           Power      Damage    Failure   Level
 Apportation              Tloc           8%         N/A       14%         1
 Magic Dart               Conj           16%        1d3       14%         1
 Necrotise                Necr           16%        1d4       14%         1
 Summon Small Mammal      Summ           16%        N/A       14%         1
 Searing Ray              Conj           8%         2d4       21%         2
 Vampiric Draining        Necr           4%         2d6       38%         3
 Fulminant Prism          Conj/Hex       2%         3d5       80%         4
 Passage of Golubria      Tloc           4%         N/A       80%         4
 Agony                    Necr           4%         N/A       98%         5
 Silence                  Hex/Air        2%         N/A       98%         5
 Lehudib's Crystal Spear  Conj/Erth      2%         10d2      100%        8


Dungeon Overview and Level Annotations

Branches:
Dungeon (6/15)             Temple (1/1) D:5

Altars:
Elyvilon
Fedhas
Gozag
Makhleb
Okawaru
Sif Muna
Trog
Uskayaw
Wu Jian
Xom
Yredelemnul
Zin
The Shining One

Shops:
D:1 (

Annotations:
D:3 2 transporters, Bokiboji's ghost, weakling MiBe


Innate Abilities, Weirdness & Mutations

You are a hulking beast.
Your limbs bulge with bestial killing power. (Slay +3)
You have very sharp teeth.
Your uncanny sense of smell can sniff out nearby items.
Your experience applies equally to all skills.


Message History

There is a stone staircase leading down here.
You fly downwards.
A malevolent force fills the Dungeon... and a teleportation trap spontaneously manifests!
You are yanked towards some nearby monsters!
Your surroundings suddenly seem different.
A jelly and a wight come into view.
Found a glowing chain mail.
You hear a slurping noise.
The jelly eats the door!
The jelly quivers.
You hit the jelly.
Your hands burn!
The jelly is lightly wounded.
You punch the jelly!
Your hands burn!
The jelly is heavily wounded.
The jelly hits you but does no damage.
You punch the jelly!
You kill the jelly!
You reach down and open the door.
Found a chain mail.
There is an open door here.
A steam dragon comes into view.
Found a stone staircase leading down.
The steam dragon hisses angrily.
The steam dragon breathes steam at you. The ball of steam hits you!
You are engulfed in a cloud of scalding steam.
You closely miss the steam dragon.
You are engulfed in a cloud of scalding steam.
The steam dragon closely misses you. The steam dragon claws you.
You punch the steam dragon!
The steam dragon is moderately wounded.
You are engulfed in a cloud of scalding steam.
The steam dragon breathes steam at you. The ball of steam hits you!
* * * LOW HITPOINT WARNING * * *
You punch the steam dragon! You bite the steam dragon.
The steam dragon is severely wounded.
The steam dragon bites you.
You die...
Your body rises from the dead as a mindless zombie.

......### # ......#..
.. ∆ #....#.# ...
#....#.#######..[. .
# #....#.#......#
...#.##.§....#......#
.......§....##......#
♣....Dh.§§.'.......+
............##......#
...>.♣......+.......#
..........[.####+####
#♣..........#
#...##....... ##.#
#....#### #. #....#


You could see a steam dragon.

Vanquished Creatures
  An ice beast (D:5)
  A phantom (D:4)
  A gnoll sergeant (D:5)
  2 jellies
  A sleepcap (D:5)
  A hound (D:5)
  3 gnolls (D:5)
  9 adders
  2 worms
  4 dart slugs
  5 orcs (D:4)
  8 ball pythons
  8 bats
  9 endoplasms
  A giant cockroach (D:1)
  8 hobgoblins
  11 jackals
  12 kobolds
  4 quokkas
  8 frilled lizards
  8 goblins
  2 rats
109 creatures vanquished.

Vanquished Creatures (collateral kills)
  A jelly (D:5)
1 creature vanquished.

Grand Total: 110 creatures vanquished

Notes
Turn   | Place    | Note
-------+----------+-------------------------------------------
     0 | D:1      | Pixllover the Gnoll Shapeshifter began the quest for the
                  | Orb.
     0 | D:1      | Reached XP level 1. HP: 17/17 MP: 1/1
     7 | D:1      | Found Ilaredim's Antique Weapon Boutique.
   181 | D:1      | Reached XP level 2. HP: 23/23 MP: 2/2
   560 | D:1      | Reached XP level 3. HP: 28/28 MP: 3/3
   663 | D:1      | Reached skill level 1 in Invocations
  1029 | D:2      | Found a faded altar of an unknown god.
  1055 | D:2      | Reached skill level 1 in Short Blades
  1055 | D:2      | Reached skill level 1 in Long Blades
  1055 | D:2      | Reached skill level 1 in Axes
  1055 | D:2      | Reached skill level 1 in Maces & Flails
  1055 | D:2      | Reached skill level 1 in Polearms
  1055 | D:2      | Reached skill level 1 in Staves
  1055 | D:2      | Reached skill level 1 in Ranged Weapons
  1055 | D:2      | Reached skill level 1 in Throwing
  1055 | D:2      | Reached skill level 1 in Armour
  1055 | D:2      | Reached skill level 1 in Stealth
  1055 | D:2      | Reached skill level 1 in Shields
  1055 | D:2      | Reached skill level 1 in Spellcasting
  1055 | D:2      | Reached skill level 1 in Evocations
  1058 | D:2      | Reached XP level 4. HP: 27/34 MP: 5/5
  1381 | D:2      | Reached skill level 1 in Conjurations
  1381 | D:2      | Reached skill level 1 in Hexes
  1381 | D:2      | Reached skill level 1 in Summonings
  1381 | D:2      | Reached skill level 1 in Necromancy
  1381 | D:2      | Reached skill level 1 in Translocations
  1381 | D:2      | Reached skill level 1 in Transmutations
  1381 | D:2      | Reached skill level 1 in Fire Magic
  1381 | D:2      | Reached skill level 1 in Ice Magic
  1381 | D:2      | Reached skill level 1 in Air Magic
  1381 | D:2      | Reached skill level 1 in Earth Magic
  1381 | D:2      | Reached skill level 1 in Poison Magic
  1726 | D:3      | Identified the +3 robe of the King of the Hill {Slay+3}
  1762 | D:3      | Found a transporter.
  1785 | D:3      | Found a burning altar of Makhleb.
  1812 | D:3      | Noticed a green death
  1817 | D:3      | Noticed a hellwing
  1817 | D:3      | Noticed a ynoxinul
  1944 | D:3      | Reached XP level 5. HP: 40/40 MP: 5/7
  2041 | D:3      | Found a transporter.
  2079 | D:3      | Noticed Bokiboji's ghost (weakling MiBe)
  2273 | D:4      | Noticed a phantom
  2280 | D:4      | Killed a phantom
  2361 | D:4      | Reached XP level 6. HP: 47/47 MP: 8/8
  2382 | D:4      | Found a glowing golden altar of the Shining One.
  2681 | D:4      | Found a basalt altar of Yredelemnul.
  2689 | D:4      | Became a worshipper of Yredelemnul the Dark
  2847 | D:5      | Entered Level 5 of the Dungeon
  2858 | D:5      | Noticed an ice beast
  2902 | D:5      | Killed an ice beast
  2903 | D:5      | Reached skill level 5 in Dodging
  2944 | D:5      | Reached * piety under Yredelemnul
  2946 | D:5      | Reached XP level 7. HP: 33/52 MP: 10/10
  3215 | D:5      | Reached skill level 7 in Unarmed Combat
  3223 | D:5      | Found a hide-covered altar of Uskayaw.
  3253 | D:5      | Reached ** piety under Yredelemnul
  3333 | D:5      | Found a white marble altar of Elyvilon.
  3452 | D:5      | Found a staircase to the Ecumenical Temple.
  3626 | Temple   | Entered the Ecumenical Temple
  3661 | D:6      | Noticed a steam dragon
  3668 | D:6      | Slain by a steam dragon

Illustrated notes

Levels and vault maps discovered:
D:1:      dpeg_arrival_simpleton_a, layout_basic, serial_shops,
          nicolae_shop_overgrown_old_shop, minmay_small_reverse_x
D:2:      layout_basic, dreamdust_ecumenical_altar_statues
D:3:      layout_rooms, makhleb_altar_promises_db, gammafunk_ghost_mausoleum,
          kennysheep_generic_room_8
D:4:      layout_loops_ring, kennysheep_little_box,
          mainiacjoe_overflow_small_starburst
D:5:      layout_loops_cross, elyvilon_altar_4,
          nicolae_uskayaw_murder_on_the_dancefloor, minmay_temple_entry_mist
D:6:      layout_basic, mainiacjoe_overflow_24_doors, kennysheep_mini,
          ebering_ghost_reflecting_pool, grunt_ministairs_1,
          nicolae_shop_clearance
Temple:   hellmonk_temple_flake

Skill      XL: |  1  2  3  4  5  6  7 |
---------------+----------------------+-----
Invocations    | 1 2 |  2.8
Short Blades   | 1 2 |  2.5
Long Blades    | 1 2 |  2.5
Axes           | 1 2 |  2.5
Maces & Flails | 1 2 |  2.5
Polearms       | 1 2 |  2.5
Staves         | 1 2 |  2.5
Ranged Weapons | 1 2 |  2.5
Throwing       | 1 2 |  2.5
Armour         | 1 2 |  2.5
Stealth        | 1 2 |  2.5
Shields        | 1 2 |  2.5
Spellcasting   | 1 2 |  2.5
Evocations     | 1 2 |  2.5
Conjurations   | 1 2 |  2.0
Hexes          | 1 2 |  2.0
Summonings     | 1 2 |  2.0
Necromancy     | 1 2 |  2.0
Translocations | 1 2 |  2.0
Transmutations | 1 2 |  2.0
Fire Magic     | 1 2 |  2.0
Ice Magic      | 1 2 |  2.0
Air Magic      | 1 2 |  2.0
Earth Magic    | 1 2 |  2.0
Poison Magic   | 1 2 |  2.0
Fighting       | 3 |  3.6
Dodging        | 5 |  5.2
Unarmed Combat | 7 |  7.0
Shapeshifting  | |  6.9

Action                     |  1- 3 |  4- 6 |  7- 9 || total
---------------------------+-------+-------+-------++-------
  Melee: Unarmed           |    74 |   147 |    28 ||   249
         Bite              |     4 |    10 |     5 ||    19
         Punch             |     2 |     4 |       ||     6
    Use: Scroll            |       |       |     5 ||     5
   Stab: Sleeping          |     1 |     3 |     1 ||     5
 Armour: Animal skin       |    29 |    22 |       ||    51
         Robe              |       |    49 |    13 ||    62
  Dodge: Dodged            |    49 |    76 |    18 ||   143
   Form: Beast             |     1 |       |       ||     1

Table legend: (Time is in decaauts)
 A = Elapsed time spent in this place.
 B = Non-inter-level travel time spent in this place.
 C = Inter-level travel time spent in this place.
 D = Time resting spent in this place.
 E = Time spent auto-exploring this place.
 F = Levels seen in this place.
 G = Mean time per level.
                   A        B        C        D        E       F      G
               +--------+--------+--------+--------+--------+-----+--------+
         Total |   3633 |   3493 |    140 |      0 |   2157 |   7 |  519.0 |
       Dungeon |   3623 |   3484 |    139 |      0 |   2157 |   6 |  603.8 |
        Temple |      9 |      9 |      0 |      0 |      0 |   1 |    9.0 |
               +--------+--------+--------+--------+--------+-----+--------+

Top non-repeatable levels by time:
     D:1: 925 daAuts
     D:5: 783 daAuts
     D:2: 772 daAuts
     D:4: 657 daAuts
     D:3: 465 daAuts
     D:6: 20 daAuts
  Temple: 9 daAuts
